 Dungeon Crawl Stone Soup version 0.23-a0-550-g7de1f8e (webtiles) character file.

331 Lavandula the Cutter (level 6, -1/32 HPs)
             Began as a Halfling Enchanter on Dec 8, 2018.
             Was an Initiate of Hepliaklqana.
             Killed from afar by an orc wizard (7 damage)
             ... with a magic dart
             ... on level 4 of the Dungeon.
             The game lasted 00:07:37 (1250 turns).

Lavandula the Cutter (Halfling Enchanter)           Turns: 1250, Time: 00:07:37

Health: -1/32      AC:  2    Str:  9    XL:     6   Next: 82%
Magic:  11/11      EV: 15    Int: 15    God:    Hepliaklqana [......]
Gold:   94         SH:  0    Dex: 15    Spells: 3/12 levels left

rFire    . . .     SeeInvis +   a - +1 dagger
rCold    . . .     Gourm    .   (shield restricted)
rNeg     . . .     Faith    .   b - +0 robe
rPois    .         Spirit   .   (no helmet)
rElec    .         Reflect  .   (no cloak)
rCorr    .         Harm     .   (no gloves)
MR       .....                  (no boots)
Stlth    ++........             (no amulet)
HPRegen  0.10/turn              k - ring of see invisible
MPRegen  0.12/turn              (no ring)

@: no status effects
A: small, reduced essence, mutation resistance 1
a: Recall Ancestor, Ancestor Identity, Renounce Religion


You were on level 4 of the Dungeon.
You worshipped Hepliaklqana.
Hepliaklqana was noncommittal.
You were hungry.

You visited 1 branch of the dungeon, and saw 5 of its levels.

You collected 94 gold pieces.

Inventory:

Hand Weapons
 a - a +1 dagger (weapon)
Missiles
 e - 47 sling bullets
Armour
 b - a +0 robe (worn)
Jewellery
 k - a ring of see invisible (left hand)
Scrolls
 f - a scroll of random uselessness {unknown}
 g - a scroll of teleportation {unknown}
 h - a scroll of identify {unknown}
 l - a scroll of immolation {unknown}
Potions
 c - a potion of invisibility {unknown}
 i - a potion of resistance {unknown}
 j - a potion of lignification {unknown}
Comestibles
 d - 4 rations


   Skills:
 - Level 5.1 Short Blades
 - Level 2.1 Dodging
 - Level 3.2 Stealth
 - Level 3.6 Spellcasting
 - Level 2.4 Hexes
 + Level 1.8 Charms


You had 3 spell levels left.
You knew the following spells:

 Your Spells              Type           Power        Failure   Level  Hunger
a - Corona                Hex            #......      7%          1    None
b - Ensorcelled Hibernat  Hex/Ice        #.....       17%         2    ##.....
c - Dazzling Spray        Conj/Hex       #.....       34%         3    ###....
d - Ozocubu's Armour      Chrm/Ice       #.......     36%         3    ###....

Your spell library contained the following spells:

 Spells                   Type           Power        Failure   Level  Hunger
 Freeze                   Ice            #...         19%         1    None
 Confuse                  Hex            #.......     22%         3    ###....
 Tukima's Dance           Hex            #.......     22%         3    ###....
 Throw Frost              Conj/Ice       #.....       28%         2    ##.....
 Summon Ice Beast         Ice/Summ       #.......     88%         4    ####...
 Throw Icicle             Conj/Ice       #.......     88%         4    ####...


Dungeon Overview and Level Annotations

Branches:
Dungeon (5/15)
 Temple: D:4-7

Altars:
Hepliaklqana
Xom

Annotations:
D:2 exclusion: adder
D:3 Terence


Innate Abilities, Weirdness & Mutations

You are small and have problems with some larger weapons.
You are somewhat resistant to further mutation.
Your life essence is reduced to manifest your ancestor. (-10% HP)


Message History

The orc is heavily wounded.
The orc wizard closely misses Anedjib.
Anedjib hits the orc wizard.
You hit the orc.
You kill the orc!
The orc wizard casts a spell at you.
The magic dart hits Anedjib.
You hit the orc.
You kill the orc!
The orc wizard points at you and mumbles some strange words.
The puff of frost hits Anedjib.
Anedjib resists.
Anedjib hits the orc wizard.
The orc wizard hits Anedjib but does no damage.
The orc wizard points at you and mumbles some strange words.
The magic dart hits Anedjib.
Anedjib is destroyed!
The orc wizard looks braver for a moment.
The orc wizard casts a spell at you. The magic dart hits you!
You die...

########## #......@.#
#.######.# #.# #.#
#.# #.#
#.######)########
#...#............
.######.#.##.#######.
............o.......
#######.#.##.#######


You could see an orc wizard.

Vanquished Creatures
  2 scorpions (D:4)
  A centaur zombie (D:3)
  2 worker ants (D:4)
  2 adders
  An ooze (D:3)
  2 dart slugs (D:2)
  2 leopard geckos
  2 orcs (D:4)
  2 bats (D:2)
  3 goblins
  5 hobgoblins
  3 kobolds (D:2)
  2 ball pythons
  2 frilled lizards (D:2)
  6 rats
37 creatures vanquished.

Vanquished Creatures (collateral kills)
  A phantom (D:4)
  An adder (D:4)
  An orc (D:4)
  A frilled lizard (D:4)
4 creatures vanquished.

Vanquished Creatures (others)
  An ancestor (D:4)
1 creature vanquished.

Grand Total: 42 creatures vanquished

Notes
Turn   | Place    | Note
-------+----------+-------------------------------------------
     0 | D:1      | Lavandula the Halfling Enchanter began the quest for the
                  | Orb.
     0 | D:1      | Reached XP level 1. HP: 11/11 MP: 3/3
   106 | D:1      | Reached skill level 2 in Short Blades
   125 | D:2      | Reached XP level 2. HP: 17/17 MP: 4/4
   129 | D:2      | Learned a level 2 spell: Ensorcelled Hibernation
   171 | D:2      | Reached skill level 3 in Short Blades
   240 | D:2      | Reached XP level 3. HP: 17/21 MP: 2/5
   496 | D:3      | Noticed Terence
   530 | D:4      | Noticed a scorpion
   613 | D:3      | Reached skill level 4 in Short Blades
   613 | D:3      | Reached XP level 4. HP: 25/27 MP: 6/6
   618 | D:3      | Learned a level 3 spell: Dazzling Spray
   640 | D:3      | Reached skill level 5 in Short Blades
   986 | D:5      | Entered Level 5 of the Dungeon
   999 | D:4      | Found a hazy altar of Hepliaklqana.
  1001 | D:4      | Reached XP level 5. HP: 31/31 MP: 6/8
  1011 | D:4      | Became a worshipper of Hepliaklqana the Forgotten
  1044 | D:4      | Found a shimmering altar of Xom.
  1044 | D:4      | Found a shimmering altar of Xom.
  1045 | D:4      | Found a shimmering altar of Xom.
  1045 | D:4      | Found a shimmering altar of Xom.
  1064 | D:4      | Noticed a phantom
  1140 | D:4      | Killed a phantom
  1140 | D:4      | Reached XP level 6. HP: 16/32 MP: 8/11
  1145 | D:4      | Learned a level 3 spell: Ozocubu's Armour
  1200 | D:4      | Reached skill level 1 in Charms
  1250 | D:4      | Killed from afar by an orc wizard

Vault maps used:
D:1:      kilobyte_arrival_exit_the_forest, minivault_4, minmay_octomino_e4
D:2:      minmay_randomly_rotated_circles
D:3:      serial_glass, glass_columns_b, glass_columns_b, feat_on_display,
          uniq_terence
D:4:      old_standard_altar, first_ration, minmay_splitting_lines, st_stairs_8,
          xom_redecorated
D:5:      uniq_edmund, uniq_sigmund, uniq_menkaure

Skill      XL: |  1  2  3  4  5  6 |
---------------+-------------------+-----
Short Blades   | 2 3 4 5 |  5.1
Spellcasting   | 2 3 |  3.6
Charms         | 1 |  1.8
Dodging        | |  2.1
Stealth        | |  3.2
Hexes          | |  2.4

Action                   |  1- 3 |  4- 6 || total
-------------------------+-------+-------++-------
Melee: Dagger            |    90 |    75 ||   165
 Cast: Ensorcelled Hiber |     6 |     5 ||    11
       Corona            |     5 |       ||     5
       Dazzling Spray    |       |     2 ||     2
  Use: Scroll            |     1 |       ||     1
 Stab: Sleeping          |     4 |     6 ||    10
       Invisible         |       |     1 ||     1
  Eat: Chunk             |       |     2 ||     2
Armor: Robe              |    13 |     3 ||    16
Dodge: Dodged            |    84 |    29 ||   113

Table legend:
 A = Non-vault XP
 B = Vault XP
 C = Vault XP percentage of total XP
 D = Non-vault monster count
 E = Vault monster count
 F = Vault count percentage of total count
                 A         B        C        D         E       F
            +---------+---------+-------+---------+---------+-------
      Total |     473 |       1 |   0.2 |      40 |       1 |   2.4
            +---------+---------+-------+---------+---------+-------
        D:1 |      13 |       0 |   0.0 |       7 |       0 |   0.0
        D:2 |      40 |       0 |   0.0 |      16 |       0 |   0.0
        D:3 |      73 |       0 |   0.0 |       8 |       0 |   0.0
        D:4 |     347 |       1 |   0.3 |       9 |       1 |  10.0
            +---------+---------+-------+---------+---------+-------
